 Dungeon Crawl Stone Soup version 0.29-a0-841-g116ddc6ace (webtiles) character file.

Game seed: 10799524162406257652

3332 Pooter the Skirmisher (level 9, -13/100 (120) HPs)
             Began as a Minotaur Berserker on July 15, 2022.
             Was an Elder of Trog.
             Mangled by an unseen horror simulacrum (18 damage)
             ... on level 8 of the Dungeon.
             The game lasted 00:45:00 (7137 turns).

Pooter the Skirmisher (Minotaur Berserker)          Turns: 7137, Time: 00:45:01

HP:   -13/100 (120) AC: 14    Str: 25    XL:     9   Next: 71%
MP:   8/8           EV: 10    Int:  8    God:    Trog [****..]
Gold: 317           SH:  0    Dex: 12    Spells: 8/8 levels left

rFire   . . .      SeeInvis .   a - +9 glaive "Enadabeo" {venom, Int+4}
rCold   . . .      Faith    .   (shield currently unavailable)
rNeg    . . .      Spirit   .   A - +0 chain mail
rPois   .          Reflect  .   y - +2 hood of the Assassin {Detection Stab+ Stlth++}
rElec   .          Harm     .   o - +0 cloak
rCorr   .          Rampage  .   p - +0 pair of gloves
Will    +++..                   u - +0 pair of boots
Stlth   ..........              (no amulet)
HPRegen 1.26/turn               k - +1 ring of evasion
MPRegen 0.11/turn               x - +1 ring of strength

@: mighty, berserking (expiring), strong-willed, regenerating, studying Dodging,
heavily drained, very quick
A: horns 2, retaliatory headbutt, hooves 1, strong-willed 1, wild magic 1
a: Renounce Religion, Berserk, Trog's Hand, Brothers in Arms


You were on level 8 of the Dungeon.
You worshipped Trog.
Trog was greatly pleased with you.
You visited 1 branch of the dungeon, and saw 8 of its levels.
You also visited: Ossuary.

You collected 377 gold pieces.
You spent 60 gold pieces at shops.

Inventory:

Hand Weapons
 a - the +9 glaive "Enadabeo" (weapon) {venom, Int+4}
   (You found it on level 5 of the Dungeon)

   It poisons the flesh of those it strikes.
   Int:       It affects your intelligence (+4).
 b - a +1 vorpal shortbow
   (You took it off a centaur on level 4 of the Dungeon)
 M - a +0 war axe of draining
   (You found it on level 1 of the Dungeon)
 Y - a +0 sling
   (You found it on level 1 of the Dungeon)
Missiles
 g - 5 javelins (quivered)
 l - a boomerang
 n - a throwing net {!f}
 z - 2 atropa-tipped darts
 P - 16 poisoned darts
 Q - 51 stones
 V - 2 boomerangs of dispersal {!f}
Armour
 o - a +0 cloak (worn)
   (You found it on level 2 of the Dungeon)
 p - a +0 pair of gloves (worn)
   (You found it on level 2 of the Dungeon)
 s - the +1 ring mail of Parlour Games {rF+ rC++ Str-5}
   (You took it off a goblin on level 2 of the Dungeon)

   Str:       It affects your strength (-5).
   rF:        It protects you from fire.
   rC:        It greatly protects you from cold.
 u - a +0 pair of boots (worn)
   (You found it on level 2 of the Dungeon)
 y - the +2 hood of the Assassin (worn) {Detection Stab+ Stlth++}
   (You acquired it on level 7 of the Dungeon)

   It allows the wearer to sense nearby creatures.
   It allows the wearer to make particularly effective stabbing attacks against
   helpless or unaware enemies with any weapon.
   Stlth:     It makes you much more stealthy.
 A - a +0 chain mail (worn)
   (You found it on level 3 of the Dungeon)
Jewellery
 k - a +1 ring of evasion (left hand)
   (You bought it in a shop on level 1 of the Dungeon)
 x - a +1 ring of strength (right hand)
   (You bought it in a shop on level 1 of the Dungeon)
 F - a ring of protection from fire
   (You took it off an orc wizard on level 7 of the Dungeon)
 I - a ring of protection from cold
   (You found it on level 4 of the Dungeon)
 Z - a ring of willpower
   (You found it on level 7 of the Dungeon)
Wands
 f - a wand of charming (9)
   (You found it on level 5 of the Dungeon)
 D - a wand of digging (5)
   (You found it on level 5 of the Dungeon)
 G - a wand of mindburst (34)
   (You took it off Ijyb on level 4 of the Dungeon)
 O - a wand of quicksilver (3)
   (You found it on level 5 of the Dungeon)
Scrolls
 h - a scroll of blinking
 q - a scroll of noise {!r}
 r - a scroll of magic mapping
 t - 4 scrolls of teleportation {@r4}
 w - 2 scrolls of silence
 E - a scroll of vulnerability {!r}
 J - a scroll of amnesia {unknown}
 K - a scroll of summoning
 L - a scroll of poison {!r}
 S - 3 scrolls of immolation {!r}
 T - a scroll of fog
 X - a scroll of enchant armour {unknown}
Potions
 c - 2 potions of haste {@q3}
 d - 3 potions of resistance
 e - a potion of might
 j - a potion of heal wounds {unknown}
 m - 2 potions of lignification {!q}
 v - 5 potions of flight
 B - a potion of invisibility {unknown}
 C - 4 potions of attraction {!q}
 N - 2 potions of cancellation {unknown}
 W - 5 potions of curing {@q1}


   Skills:
 + Level 7.6 Fighting
 - Level 7.3(8.8) Axes
 * Level 7.5(8.9) Polearms
 * Level 8.7 Ranged Weapons
 - Level 2.4 Armour
 + Level 3.9 Dodging
 + Level 3.9 Evocations


You had 8 spell levels left.
You didn't know any spells.
Your spell library was empty.

Dungeon Overview and Level Annotations

Branches:
Dungeon (8/15)             Temple (0/1) D:4         Ossuary (visited)
   Lair: D:8-11

Altars:
Ashenzari
Dithmenos
Elyvilon
Fedhas
Gozag
Makhleb
Nemelex Xobeh
Okawaru
Qazlal
Ru
Trog
Uskayaw
Vehumet
Yredelemnul
The Shining One

Shops:
D:1 =   D:4 *   D:5 (


Innate Abilities, Weirdness & Mutations

You have a pair of horns on your head.
You reflexively headbutt those who attack you in melee.
You have large cloven feet.
You are strong-willed. (Will+)
Your spells are a little harder to cast, but a little more powerful.


Message History

Trog accepts your kill.
Your life force feels restored.
A red film seems to cover your vision as you go berserk!
You feel yourself moving faster!
You feel mighty!
You slash the death knight!
The death knight is poisoned.
The death knight reflects your damage back at you! x2
The death knight mumbles some strange prayers to Yredelemnul against you.
You resist with almost no effort.
You barely miss the death knight. Your headbutt misses the death knight.
The death knight's dark mirror aura disappears.
The death knight hits you with a +1 battleaxe of draining!!
You feel drained.
* * * LOW HITPOINT WARNING * * *
You hit the death knight.
The death knight looks as sick as possible!
A spectral howler monkey comes into view.
The death knight hits you with a +1 battleaxe of draining!!
* * * LOW HITPOINT WARNING * * *
You feel drained.
* * * LOW HITPOINT WARNING * * *
You hit the death knight.
The death knight looks as sick as possible!
The death knight hits you with a +1 battleaxe of draining!
* * * LOW HITPOINT WARNING * * *
You feel drained.
* * * LOW HITPOINT WARNING * * *
You slash the death knight!
The death knight looks as sick as possible!
Unknown command.
You slash the death knight! Your headbutt misses the death knight.
The death knight hits you but does no damage.
You feel drained.
You hit the death knight.
The death knight looks as sick as possible!
Your headbutt misses the death knight.
The death knight hits you with a +1 battleaxe of draining!
* * * LOW HITPOINT WARNING * * *
You feel drained.
* * * LOW HITPOINT WARNING * * *
You slash the death knight!
The death knight looks as sick as possible!
Your headbutt misses the death knight. The death knight barely misses you.
Unknown command.
You slice the death knight!!
You kill the death knight!
Trog accepts your kill. The unseen horror simulacrum hits you.
* * * LOW HITPOINT WARNING * * *
The unseen horror simulacrum freezes you!!
You die...

#.. #..### #....# #<.#.###
#....<.# . #.#[##.# Pp
#.#.##.# ♣♣♣♣.P.
##.#.##.#########♣♣PPPPZ.P
##....##....@Z.Z..♣P.{..PP♣
#.#.#.###########...PPP.♣
#...#.# #...♣♣♣♣♣ ###...#.#
##### # #.......# #
#.##..### # #.##..# #
#.##..# # #.##..# #


You could see a spectral howler monkey and an unseen horror simulacrum.

Vanquished Creatures
  A death knight (D:8)
  A spectral unseen horror (D:8)
  Grinder (D:6)
  Sigmund (D:2)
  Eustachio (D:6)
  Menkaure (D:4)
  An acid dragon (D:8)
  An orc warrior (D:8)
  2 ogres
  A centaur (D:4)
  2 kobold brigands
  3 bullfrogs
  A necrophage (D:6)
  3 gnoll sergeants
  3 scorpions
  5 wights (D:7)
  3 howler monkeys
  4 hounds
  3 orc priests (D:5)
  3 jellies
  A gnoll bouda (D:7)
  4 iguanas (D:6)
  Ijyb (D:4)
  3 orc wizards
  3 mummies (Ossuary)
  Robin (D:2)
  3 adders
  16 gnolls
  An ufetubus (D:5)
  3 adder zombies (Ossuary)
  7 worms
  A dart slug (D:1)
  18 orcs
  5 bats
  5 endoplasms
  3 giant cockroaches
  13 goblins
  8 hobgoblins
  2 jackals (D:2)
  7 kobolds
  4 quokkas
  2 ball pythons
  A goblin zombie (Ossuary)
  4 hobgoblin zombies (Ossuary)
  3 kobold zombies (Ossuary)
  An orc zombie (Ossuary)
  4 quokka zombies (Ossuary)
  2 rats
  2 rat zombies (Ossuary)
169 creatures vanquished.

Vanquished Creatures (others)
  9 plants (D:1)
  12 withered plants (D:8)
21 creatures vanquished.

Grand Total: 190 creatures vanquished

Notes
Turn   | Place    | Note
-------+----------+-------------------------------------------
     0 | D:1      | Pooter the Minotaur Berserker began the quest for the Orb.
     0 | D:1      | Reached XP level 1. HP: 19/19 MP: 0/0
   107 | D:1      | Found Otzomarr's One-of-a-Kind Rings.
   191 | D:1      | Reached skill level 1 in Ranged Weapons
   214 | D:1      | Reached XP level 2. HP: 27/27 MP: 1/1
   432 | D:1      | Found a faded altar of an unknown god.
   663 | D:1      | Bought a +1 ring of evasion for 36 gold pieces
   908 | D:2      | Reached XP level 3. HP: 33/33 MP: 2/2
  1112 | D:2      | Noticed Sigmund
  1124 | D:2      | Killed Sigmund
  1125 | D:2      | Reached skill level 5 in Axes
  1125 | D:2      | Reached skill level 3 in Ranged Weapons
  1125 | D:2      | Reached XP level 4. HP: 27/41 MP: 3/3
  1125 | D:2      | Reached XP level 5. HP: 31/47 MP: 4/4
  1362 | D:2      | Reached ** piety under Trog
  1413 | D:2      | Noticed Robin
  1415 | D:2      | Identified the +1 ring mail of Parlour Games {rF+ rC++
                  | Str-5}
  1422 | D:2      | Killed Robin
  1546 | D:2      | Found a sacrificial altar of Ru.
  1640 | D:1      | Bought a +1 ring of strength for 24 gold pieces
  1992 | D:3      | Found a shadowy altar of Dithmenos.
  2532 | D:4      | Noticed a centaur
  2541 | D:4      | Killed a centaur
  2542 | D:4      | Reached skill level 4 in Ranged Weapons
  2542 | D:4      | Reached XP level 6. HP: 55/55 MP: 5/5
  2806 | D:4      | Noticed Menkaure
  2807 | D:4      | Noticed Ijyb
  2812 | D:4      | Killed Menkaure
  2813 | D:4      | Reached skill level 5 in Fighting
  2818 | D:4      | Killed Ijyb
  3092 | D:4      | Found a staircase to the Ecumenical Temple.
  3111 | D:4      | Reached skill level 5 in Ranged Weapons
  3111 | D:4      | Reached XP level 7. HP: 51/61 MP: 6/6
  3186 | D:4      | Found Pumec's Gadget Gallery.
  3256 | D:5      | Entered Level 5 of the Dungeon
  3275 | D:5      | Identified the +9 glaive "Enadabeo" {venom, Int+4}
  3298 | D:5      | Gained mutation: You sometimes lose your temper in combat.
                  | [potion of mutation]
  3298 | D:5      | Gained mutation: Your magical capacity is low. (-10% MP)
                  | [potion of mutation]
  3298 | D:5      | Gained mutation: Your mind is acute. (Int +4, Str/Dex -1)
                  | [potion of mutation]
  3322 | D:5      | Reached skill level 1 in Polearms
  3363 | D:5      | Lost mutation: You sometimes lose your temper in combat.
                  | [potion of mutation]
  3363 | D:5      | Lost mutation: Your magical capacity is low. (-10% MP)
                  | [potion of mutation]
  3363 | D:5      | Lost mutation: Your mind is acute. (Int +4, Str/Dex -1)
                  | [potion of mutation]
  3363 | D:5      | Gained mutation: You are strong-willed. (Will+) [potion of
                  | mutation]
  3363 | D:5      | Gained mutation: Your spells are a little harder to cast,
                  | but a little more powerful. [potion of mutation]
  3363 | D:5      | Gained mutation: You have large cloven feet. [potion of
                  | mutation]
  3391 | D:5      | Reached *** piety under Trog
  3444 | D:5      | Reached skill level 1 in Evocations
  3497 | D:5      | Found Econerel's Weapon Emporium.
  4048 | D:6      | Reached XP level 8. HP: 70/70 MP: 7/7
  4117 | D:6      | Reached skill level 6 in Ranged Weapons
  4446 | D:6      | Noticed Grinder
  4452 | D:6      | Killed Grinder
  4557 | D:6      | Reached skill level 5 in Polearms
  4557 | D:6      | Reached skill level 7 in Ranged Weapons
  4658 | D:6      | Noticed Eustachio
  4671 | D:6      | Killed Eustachio
  5060 | D:7      | Found a sand-covered staircase.
  5065 | Ossuary  | Entered an ossuary
  5427 | Ossuary  | Reached XP level 9. HP: 74/78 MP: 8/8
  5458 | Ossuary  | Reached **** piety under Trog
  5670 | D:7      | Found the +7 mace of Variability {chain chaos}
  5919 | D:7      | Reached skill level 8 in Ranged Weapons
  6099 | D:7      | Found a blossoming altar of Fedhas.
  6100 | D:7      | Found an iron altar of Okawaru.
  6100 | D:7      | Found a radiant altar of Vehumet.
  6100 | D:7      | Found a sparkling altar of Nemelex Xobeh.
  6101 | D:7      | Found an opulent altar of Gozag.
  6101 | D:7      | Found a broken altar of Ashenzari.
  6102 | D:7      | Found a glowing golden altar of the Shining One.
  6102 | D:7      | Found a burning altar of Makhleb.
  6104 | D:7      | Found a basalt altar of Yredelemnul.
  6105 | D:7      | Found a white marble altar of Elyvilon.
  6105 | D:7      | Found a bloodstained altar of Trog.
  6235 | D:7      | Identified 2 scrolls of acquirement
  6236 | D:7      | Acquired the +2 hood of the Assassin {Detection Stab+
                  | Stlth++}
  6236 | D:7      | Found the +2 hood of the Assassin {Detection Stab+ Stlth++}
  6248 | D:7      | Acquired a manual of Dodging
  6804 | D:8      | Found a hide-covered altar of Uskayaw.
  7003 | D:8      | Found a stormy altar of Qazlal.
  7078 | D:8      | Identified the +3 leather armour of the Poles {Harm rCorr
                  | Int+2}
  7111 | D:8      | Noticed a death knight
  7112 | D:8      | Noticed a spectral unseen horror
  7127 | D:8      | Killed a spectral unseen horror
  7137 | D:8      | Killed a death knight
  7137 | D:8      | HP: 5/100 [unseen horror simulacrum (4)]
  7137 | D:8      | Mangled by an unseen horror simulacrum

Illustrated notes

Levels and vault maps discovered:
D:1:      roderic_crop_circles_arrival_small, layout_rooms,
          basic_ecumenical_altar, nicolae_shop_unique_rings
D:2:      layout_loops_corners, basic_altar, kennysheep_donut, uniq_sigmund,
          uniq_robin
D:3:      layout_basic, grunt_dithmenos_smoke_and_mirrors
D:4:      nicolae_cairo_tiling, layout_rooms, nrook_mini_vaults,
          roderic_serpentine_path, minmay_liquid_box, abandoned_shop,
          hangedman_decor_lopped, nicolae_shop_gadgets, uniq_ijyb, uniq_menkaure
D:5:      layout_rooms, serial_shops, shop
D:6:      layout_basic, uniq_eustachio, uniq_grinder
D:7:      layout_loops_ring, nicolae_overflows_in_rows, enter_ossuary_2
D:8:      layout_loops_ring, lemuel_tele_altar, lemuel_doored_altar,
          serial_shops, kennysheep_little_box, dilly_guarded_unrand_morg

Skill      XL: |  1  2  3  4  5  6  7  8  9 |
---------------+----------------------------+-----
Ranged Weapons | 1 3 4 5 7 8 |  8.7
Axes           | 4 5 6 7 |  7.3
Fighting       | 4 5 6 7 |  7.6
Polearms       | 3 5 7 |  7.5
Evocations     | 1 2 3 |  3.9
Dodging        | 3 |  3.9
Armour         | |  2.4

Action                   |  1- 3 |  4- 6 |  7- 9 || total
-------------------------+-------+-------+-------++-------
Melee: Hand axe          |    39 |       |       ||    39
       Headbutt          |     8 |    11 |    13 ||    32
       War axe           |    17 |    56 |    21 ||    94
       Glaive            |       |       |   168 ||   168
 Fire: Sling             |    35 |    34 |       ||    69
       Shortbow          |       |    14 |    65 ||    79
Throw: Javelin           |       |     7 |     9 ||    16
Invok: Berserk           |       |     2 |     9 ||    11
       Trog's Hand       |       |     1 |     4 ||     5
Evoke: Wand              |       |       |     7 ||     7
  Use: Scroll            |       |     2 |    19 ||    21
       Potion            |       |       |     9 ||     9
Armor: Animal skin       |    14 |       |       ||    14
       Ring mail         |     8 |     9 |       ||    17
       Chain mail        |       |    20 |    99 ||   119
Dodge: Dodged            |    33 |    32 |   101 ||   166

Table legend: (Time is in decaauts)
 A = Elapsed time spent in this place.
 B = Non-inter-level travel time spent in this place.
 C = Inter-level travel time spent in this place.
 D = Time resting spent in this place.
 E = Time spent auto-exploring this place.
 F = Levels seen in this place.
 G = Mean time per level.
                   A        B        C        D        E       F      G
               +--------+--------+--------+--------+--------+-----+--------+
         Total |   7331 |   7111 |    220 |   1191 |   4518 |   9 |  814.6 |
       Dungeon |   6775 |   6555 |    220 |    871 |   4386 |   8 |  846.9 |
       Ossuary |    555 |    555 |      0 |    320 |    132 |   1 |  555.0 |
               +--------+--------+--------+--------+--------+-----+--------+

Top non-repeatable levels by time:
     D:6: 1179 daAuts
     D:2: 1138 daAuts
     D:7: 885 daAuts
     D:1: 815 daAuts
     D:4: 808 daAuts
     D:8: 710 daAuts
     D:5: 686 daAuts
 Ossuary: 555 daAuts
     D:3: 552 daAuts
